[Event "Titled Tuesday Blitz April 4 Late 2023"]
[White "Makarian, Rudik"]
[Black "tuschessCM1"]
[WhiteFideId "44105681"]
[WhiteElo "2430"]
[BlackElo "2757"]
[Result "0-1"]
[Round "11"]
[TimeControl "180+2"]
[Date "2023.04.04"]
[WhiteClock "0:00:04"]
[BlackClock "0:00:17"]

1. e4 c6 2. Nf3 d5 3. Nc3 dxe4 4. Nxe4 Nf6 5. Qe2 Nxe4 6. Qxe4 Qd5 7. Qf4 Qf5 8. Qe3 Qe6 9. b3 Qxe3+ 10. fxe3 f6 11. d4 a5 12. a3 Bf5 13. Kd2 Nd7 14. Bd3 Bxd3 15. Kxd3 Rd8 16. Bb2 e5 17. c4 Kf7 18. Kc2 exd4 19. exd4 Bd6 20. Bc3 Ra8 21. Rhe1 Bc7 22. b4 Nb6 23. Kd3 a4 24. Rab1 Rhd8 25. g3 Nd7 26. Kc2 b5 27. d5 Nb6 28. d6 Bxd6 29. c5 Nc4 30. cxd6 Nxa3+ 31. Kb2 Nxb1 32. Kxb1 Rxd6 33. Kc2 Rad8 34. Rf1 Ke6 35. Re1+ Kf7 36. Rf1 Ke6 37. Nd2 Rd3 38. Ne4 Re3 39. Nc5+ Kf7 40. Rf2 Rde8 41. Kd2 Kg6 42. Nd3 R3e4 43. h4 Kh5 44. Rg2 Kg4 45. Rg1 Re2+ 46. Kd1 R2e3 47. Kc2 Rxg3 48. Rf1 Re2+ 49. Bd2 Rgg2 50. Rd1 Re4 51. Kc3 Rg3 52. Be1 Rc4+ 53. Kd2 Rf3 54. Nf2+ Kxh4 55. Ke2 Rf5 56. Rd7 Kh5 57. Rxg7 Re5+ 58. Kf1 Kh6 59. Rg3 Rf5 60. Rh3+ Kg6 61. Rg3+ Rg5 62. Rd3 h5 63. Nh3 Rf5+ 64. Kg2 Rc2+ 65. Kg3 Re2 66. Bf2 Re4 67. Be3 Rg4+ 68. Kh2 Rf3 69. Rc3 Rh4 70. Kg2 Rhxh3 71. Rxc6 Rhg3+ 72. Kh2 Rh3+ 73. Kg2 Rxe3 74. Kg1 Reg3+ 75. Kf2 Rc3 76. Kf1 Rxc6 77. Kg2 Rd3 0-1


[Site "https://www.chess.com"]

[Event "Titled Tuesday Blitz April 4 Late 2023"]
[White "Papasimakopoulos, Alexandros"]
[Black "Hansen, Eric"]
[WhiteFideId "4244125"]
[BlackFideId "2606771"]
[WhiteElo "2359"]
[BlackElo "2561"]
[Result "0-1"]
[Round "11"]
[TimeControl "180+2"]
[Date "2023.04.04"]
[WhiteClock "0:00:11"]
[BlackClock "0:00:58"]

1. d4 d5 2. c4 e6 3. Nc3 Nf6 4. cxd5 exd5 5. Bg5 c6 6. e3 Be7 7. Bd3 Nbd7 8. Qc2 h6 9. Bh4 Nh5 10. Bxe7 Qxe7 11. O-O-O Nb6 12. Nf3 Bg4 13. Kb1 Bxf3 14. gxf3 O-O-O 15. h4 Kb8 16. Rdg1 g5 17. Na4 Nxa4 18. Qxa4 Qf6 19. Qd1 Ng7 20. hxg5 hxg5 21. Be2 Ne6 22. Qf1 c5 23. Rxh8 Rxh8 24. dxc5 Nxc5 25. Qd1 Rd8 26. Qd2 d4 27. exd4 Ne6 28. d5 Qf5+ 29. Qd3 Rxd5 30. Qxf5 Rxf5 31. Rc1 Nd4 32. Bd1 Nxf3 33. Rc3 Ne5 34. f3 Rf4 35. Kc1 Nc6 36. Kd2 Kc7 37. Ke3 Kd6 38. Rd3+ Ke7 39. Rd5 f6 40. a3 Ne5 41. Be2 Rh4 42. Rd1 Rh2 43. Rc1 f5 44. Re1 Kf6 45. Kd4 Rf2 46. Ke3 Rh2 47. Kd4 Ng6 48. Ke3 Nf4 49. Bc4 Ng2+ 50. Kd4 Nxe1 0-1


[Site "https://www.chess.com"]

[Event "Titled Tuesday Blitz April 4 Late 2023"]
[White "Vakhlamov, Igor L."]
[Black "Thomforde-Toates, Noah"]
[WhiteFideId "24126748"]
[BlackFideId "30951992"]
[WhiteElo "2400"]
[BlackElo "2720"]
[Result "1-0"]
[Round "11"]
[TimeControl "180+2"]
[Date "2023.04.04"]
[WhiteClock "0:01:06"]
[BlackClock "0:00:19"]

1. e4 c5 2. Nf3 g6 3. Nc3 Bg7 4. d4 cxd4 5. Nxd4 Nc6 6. Nxc6 bxc6 7. Bc4 e6 8. O-O Ne7 9. Qd6 O-O 10. Bg5 f6 11. Be3 Bb7 12. Rad1 Nd5 13. exd5 cxd5 14. Bb3 Re8 15. Rfe1 Bf8 16. Qg3 Qa5 17. h4 Kf7 18. h5 Be7 19. a3 Rg8 20. h6 Rac8 21. Qf3 Qa6 22. Nxd5 exd5 23. Rxd5 Kf8 24. Bd4 f5 25. Qe3 Qe6 26. Re5 1-0


[Site "https://www.chess.com"]

[Event "Titled Tuesday Blitz April 4 Late 2023"]
[White "Bolourchifard, Farzad"]
[Black "Timmermans, Mark"]
[WhiteFideId "12510084"]
[BlackFideId "1026399"]
[WhiteElo "2317"]
[BlackElo "2460"]
[Result "1-0"]
[Round "11"]
[TimeControl "180+2"]
[Date "2023.04.04"]
[WhiteClock "0:01:13"]
[BlackClock "0:01:40"]

1. e4 e5 2. Nf3 Nc6 3. Bc4 Nf6 4. d3 Be7 5. O-O O-O 6. Re1 d6 7. c3 Kh8 8. h3 Ng8 9. d4 f5 10. dxe5 fxe4 11. Rxe4 Rxf3 12. gxf3 Nxe5 13. Rxe5 dxe5 14. Qxd8 Bxd8 15. Bxg8 Kxg8 16. Kg2 a5 17. Be3 a4 18. Nd2 Be6 19. a3 h6 20. Ne4 b6 21. Rd1 Kf7 22. f4 exf4 23. Bxf4 Ra5 24. Rxd8 Bd5 25. f3 Ke7 26. Bxc7 Rb5 27. Kg3 Bxe4 28. fxe4 Rxb2 29. Rd3 b5 30. Kf3 Ke6 31. Bd6 h5 32. Bf8 g5 33. Rd5 Rb3 34. Bb4 g4+ 35. hxg4 hxg4+ 36. Kxg4 Rb1 37. Rxb5 1-0


[Site "https://www.chess.com"]

[Event "Titled Tuesday Blitz April 4 Late 2023"]
[White "Urazayev, Arystanbek"]
[Black "Matinian, Nikita"]
[WhiteFideId "13709810"]
[BlackFideId "24129100"]
[WhiteElo "2449"]
[BlackElo "2422"]
[Result "0-1"]
[Round "11"]
[TimeControl "180+2"]
[Date "2023.04.04"]
[WhiteClock "0:00:05"]
[BlackClock "0:00:05"]

1. e4 c5 2. Nf3 e6 3. d4 cxd4 4. Nxd4 Nc6 5. Be2 Nf6 6. Nc3 Qc7 7. Ndb5 Qb8 8. f4 a6 9. Nd4 Bc5 10. Nxc6 bxc6 11. e5 Nd5 12. Qd3 Nxc3 13. bxc3 a5 14. Be3 Ba6 15. Qd2 Bxe3 16. Qxe3 Bxe2 17. Kxe2 O-O 18. Rab1 Qd8 19. Rhd1 f6 20. Kf2 fxe5 21. Qxe5 Rf5 22. Qd6 Qh4+ 23. Kg1 Raf8 24. g3 Qg4 25. Rd4 c5 26. Rd2 Rxf4 27. Qxd7 R4f7 28. Qd6 Qc4 29. Qd3 Qxa2 30. Re1 a4 31. c4 Qb2 32. c3 Qb6 33. Ra2 Qc6 34. Qd1 a3 35. Qg4 h5 36. Qxh5 Rf3 37. Qg4 Rxc3 38. Qxe6+ Qxe6 39. Rxe6 Rb8 40. Ree2 Rbb3 41. Kg2 Rxc4 42. Kh3 Kh7 43. Re7 Rcb4 44. Ra7 c4 45. R7xa3 c3 46. Rxb3 Rxb3 47. Rc2 Kg6 48. g4 Kf6 49. Kh4 Ke5 50. Kg5 Kd4 51. Kg6 Kd3 52. Rg2 Rb2 53. Rg3+ Kd4 54. h4 c2 55. g5 c1=Q 56. Kxg7 Qc7+ 57. Kh6 Qxg3 58. h5 Rb6+ 59. g6 Qf4+ 60. Kh7 Qg5 61. h6 Qxg6+ 62. Kh8 Rb8# 0-1


[Site "https://www.chess.com"]

[Event "Titled Tuesday Blitz April 4 Late 2023"]
[White "Timofeev, Artyom"]
[Black "Hansen, Sune Berg"]
[WhiteFideId "4140419"]
[BlackFideId "1400266"]
[WhiteElo "2586"]
[BlackElo "2713"]
[Result "1/2-1/2"]
[Round "11"]
[TimeControl "180+2"]
[Date "2023.04.04"]
[WhiteClock "0:02:17"]
[BlackClock "0:02:38"]

1. c4 e5 2. d3 Bb4+ 3. Nd2 a5 4. Nf3 d6 5. g3 f5 6. a3 Bxd2+ 7. Bxd2 Nf6 8. Bg2 O-O 9. O-O a4 10. b4 axb3 11. Qxb3 Kh8 12. a4 Nc6 13. Qb2 Qe8 14. Bc3 1/2-1/2


[Site "https://www.chess.com"]

[Event "Titled Tuesday Blitz April 4 Late 2023"]
[White "Jaracz, Pawel"]
[Black "Goltsev, Dmitry"]
[WhiteFideId "1102222"]
[BlackFideId "24176710"]
[WhiteElo "2438"]
[BlackElo "2336"]
[Result "0-1"]
[Round "11"]
[TimeControl "180+2"]
[Date "2023.04.04"]
[WhiteClock "0:00:09"]
[BlackClock "0:00:11"]

1. e4 e6 2. d4 d5 3. Nd2 c5 4. Ngf3 Nf6 5. exd5 exd5 6. Bb5+ Nc6 7. O-O Be7 8. dxc5 Bxc5 9. Nb3 Bb6 10. Bg5 O-O 11. Re1 Bg4 12. h3 Bh5 13. Bh4 Qd6 14. Be2 h6 15. Nfd4 Bxe2 16. Rxe2 Nxd4 17. Nxd4 Ne4 18. f3 Qf4 19. Be1 Bxd4+ 20. Qxd4 Ng3 21. Qd2 Nxe2+ 22. Qxe2 Qd4+ 23. Bf2 Qxb2 24. Rd1 Qxa2 25. Bd4 Rfe8 26. Qf2 Re6 27. Kh2 Rc8 28. Rd2 Qb1 29. Qg3 Rg6 30. Qf2 a5 31. h4 a4 32. h5 Rg5 33. g4 a3 34. c3 Ra8 35. Ra2 Qd1 36. Kg3 b5 37. Qe3 Qb1 38. Qe2 b4 39. cxb4 Qxb4 40. Qd3 Qc4 41. Qd2 Ra4 42. Be3 Re5 43. Bf4 Re8 44. Rc2 Qb3 45. Rc3 Qb4 46. Bxh6 gxh6 47. Qxh6 Qxc3 48. Qg5+ Qg7 49. Qxd5 Qe5+ 0-1


[Site "https://www.chess.com"]

[Event "Titled Tuesday Blitz April 4 Late 2023"]
[White "Leitao, Rafael"]
[Black "cryptoguru02"]
[WhiteFideId "2101246"]
[WhiteElo "2609"]
[BlackElo "2630"]
[Result "0-1"]
[Round "11"]
[TimeControl "180+2"]
[Date "2023.04.04"]
[WhiteClock "0:00:19"]
[BlackClock "0:00:53"]

1. c4 g6 2. Nc3 Bg7 3. g3 e6 4. Bg2 Ne7 5. Nf3 d5 6. O-O O-O 7. d4 dxc4 8. e4 a6 9. a4 Nbc6 10. Be3 Na5 11. Qe2 c6 12. h4 b5 13. e5 Nd5 14. Bg5 Qb6 15. h5 Nb3 16. h6 Bh8 17. Rad1 c5 18. dxc5 Qxc5 19. Ne4 Qc7 20. Rfe1 Bb7 21. Nd6 Nc5 22. Nh2 Nd3 23. Rxd3 cxd3 24. Qxd3 f5 25. Rc1 Qd7 26. f4 Rac8 27. Rd1 bxa4 28. Nxb7 Qxb7 29. Nf1 Qb5 30. Qxb5 axb5 31. Rxd5 exd5 32. Bxd5+ Rf7 33. e6 Bd4+ 34. Kh1 Rfc7 35. e7+ Kh8 36. Bf7 Rxe7 37. Bxe7 Rc7 0-1


[Site "https://www.chess.com"]

[Event "Titled Tuesday Blitz April 4 Late 2023"]
[White "Kamsky, Gata"]
[Black "Fiorito, Joaquin"]
[WhiteFideId "2000024"]
[BlackFideId "180173"]
[WhiteElo "2660"]
[BlackElo "2157"]
[Result "0-1"]
[Round "11"]
[TimeControl "180+2"]
[Date "2023.04.04"]
[WhiteClock "0:00:01"]
[BlackClock "0:00:03"]

1. e4 c6 2. Nf3 d5 3. d3 Bg4 4. Be2 e6 5. O-O Nf6 6. h3 Bh5 7. Ne5 Bxe2 8. Qxe2 dxe4 9. dxe4 Qd4 10. Nc4 Qxe4 11. Be3 Nd5 12. Nbd2 Qxc2 13. Rac1 Qf5 14. Bd4 Nd7 15. Ne4 Qf4 16. g3 Qc7 17. a3 f6 18. Rfe1 e5 19. Qh5+ g6 20. Qf3 O-O-O 21. Bxa7 b6 22. Nxf6 N7xf6 23. Bxb6 Nxb6 24. Nxb6+ Kb7 25. Qxf6 Bh6 26. Nc4 Bxc1 27. Rxc1 Rhf8 28. Qh4 Rd5 29. b4 Rfd8 30. Na5+ Ka8 31. Qg4 Qd7 32. Qe2 Rd1+ 33. Rxd1 Qxd1+ 34. Qf1 Qxf1+ 35. Kxf1 Rd6 36. Ke2 Kb8 37. Ke3 Kc7 38. Nc4 Rd5 39. h4 Rd1 40. Nxe5 Ra1 41. Nc4 Rc1 42. Kd3 Rf1 43. Ke3 Rb1 44. Kd4 Rf1 45. Ke3 Rh1 46. Kd4 Rd1+ 47. Ke3 Rd8 48. Ne5 Re8 49. Kd4 Kd6 50. Nc4+ Kc7 51. Ne5 Ra8 52. Nc4 Rd8+ 53. Ke3 Re8+ 54. Kd3 Rf8 55. Ke3 Rf5 56. Nb2 Kb6 57. Nc4+ Ka6 58. Nd6 Re5+ 59. Kf4 Rd5 60. Ne4 Rd1 61. Ng5 Rd7 62. Ke5 Kb5 63. Ke6 Ra7 64. Kf6 Ka4 0-1


[Site "https://www.chess.com"]

[Event "Titled Tuesday Blitz April 4 Late 2023"]
[White "Aydincelebi, Kagan"]
[Black "Loiacono, Antonio"]
[WhiteFideId "6361102"]
[BlackFideId "895415"]
[WhiteElo "2180"]
[BlackElo "2257"]
[Result "1-0"]
[Round "11"]
[TimeControl "180+2"]
[Date "2023.04.04"]
[WhiteClock "0:00:17"]
[BlackClock "0:00:01"]

1. e4 e5 2. Nf3 Nc6 3. Nc3 Nf6 4. d4 exd4 5. Nxd4 d6 6. Bc4 Be7 7. O-O O-O 8. h3 Ne5 9. Bb3 Re8 10. Re1 Nc6 11. Bg5 Bd7 12. Nf3 h6 13. Bh4 Ne5 14. Nxe5 dxe5 15. Qf3 Qc8 16. Bxf6 Bxf6 17. Nd5 Bd8 18. Rad1 Be6 19. Ne3 c6 20. Nc4 Bxc4 21. Bxc4 Re7 22. Rd6 Bc7 23. Rg6 Qf8 24. a4 Kh8 25. Rg3 Rd8 26. Qh5 Rd2 27. Bb3 Bb6 28. Rf3 f6 29. Qf5 Qd8 30. Kh2 Qd7 31. Qh5 Qe8 32. Qh4 Kh7 33. Rf1 Red7 34. Qg4 Re7 35. h4 Qd7 36. Qh5 Qe8 37. Qf5+ Kh8 38. Rg3 Qd7 39. Qf3 Qe8 40. Rg4 Qd7 41. Qg3 Bxf2 42. Qf3 Bb6 43. Rg6 Qe8 44. h5 Qf8 45. Qg4 Bc5 46. Rfxf6 gxf6 47. Rg8+ 1-0


[Site "https://www.chess.com"]

[Event "Titled Tuesday Blitz April 4 Late 2023"]
[White "Bellahcene, Bilel"]
[Black "Weetik, Vjacheslav"]
[WhiteFideId "696358"]
[BlackFideId "4153472"]
[WhiteElo "2566"]
[BlackElo "2469"]
[Result "0-1"]
[Round "11"]
[TimeControl "180+2"]
[Date "2023.04.04"]
[WhiteClock "0:00:07"]
[BlackClock "0:00:12"]

1. d4 Nf6 2. Bg5 d5 3. Nf3 c5 4. e3 Qb6 5. Nc3 cxd4 6. Qxd4 Qxd4 7. Nxd4 e6 8. O-O-O a6 9. a3 Nc6 10. Nxc6 bxc6 11. e4 Ng4 12. Bh4 Bc5 13. Rd2 O-O 14. h3 Nf6 15. Bd3 a5 16. Re1 a4 17. f4 Nd7 18. g4 Ba6 19. Bxa6 Rxa6 20. exd5 cxd5 21. Nxd5 exd5 22. Rxd5 Ra7 23. f5 Rc8 24. Kb1 Bf8 25. Bf2 Rb7 26. Kc1 h6 27. Ra5 Rbc7 28. Re2 Bc5 29. Rxa4 Bxf2 30. Rxf2 Ne5 31. Rd4 f6 32. b3 Ra8 33. Kb2 Rca7 34. a4 Rb8 35. Rfd2 Kh7 36. Rd1 Rc7 37. Rd5 Nc4+ 38. Ka2 Ne3 0-1


[Site "https://www.chess.com"]

[Event "Titled Tuesday Blitz April 4 Late 2023"]
[White "Adewumi, Tanitoluwa"]
[Black "Aggelis, Nikolaos"]
[WhiteFideId "30966396"]
[BlackFideId "4213220"]
[WhiteElo "2704"]
[BlackElo "2189"]
[Result "1-0"]
[Round "11"]
[TimeControl "180+2"]
[Date "2023.04.04"]
[WhiteClock "0:00:03"]
[BlackClock "0:00:01"]

1. e4 c5 2. Nf3 d6 3. Bb5+ Bd7 4. Bxd7+ Nxd7 5. O-O Ngf6 6. Qe2 g6 7. c3 Bg7 8. d4 cxd4 9. cxd4 O-O 10. e5 dxe5 11. dxe5 Nd5 12. e6 N7f6 13. exf7+ Rxf7 14. Ng5 Rf8 15. Ne6 Qd7 16. Nxf8 Rxf8 17. Nc3 Nxc3 18. bxc3 Nd5 19. Bb2 Nf4 20. Qc4+ Kh8 21. Qe4 Qg4 22. Kh1 b5 23. Rae1 Qh5 24. Bc1 e5 25. Bxf4 exf4 26. c4 f3 27. gxf3 bxc4 28. Qxc4 Qxf3+ 29. Kg1 Rf4 30. Qc8+ Bf8 31. h3 Rf5 32. Kh2 Rg5 33. Rg1 Qxf2+ 34. Kh1 Qf3+ 35. Kh2 Qf4+ 36. Kh1 Qf3+ 37. Kh2 Qf2+ 38. Kh1 Rxg1+ 39. Rxg1 Qf3+ 40. Kh2 Qf2+ 41. Rg2 Qf4+ 42. Kg1 Kg7 43. Qc3+ Kh6 44. Rf2 1-0


[Site "https://www.chess.com"]

[Event "Titled Tuesday Blitz April 4 Late 2023"]
[White "Przybylski, Wojciech"]
[Black "Manzone, Alessandro"]
[WhiteFideId "1117599"]
[BlackFideId "112488"]
[WhiteElo "2222"]
[BlackElo "2255"]
[Result "0-1"]
[Round "11"]
[TimeControl "180+2"]
[Date "2023.04.04"]
[WhiteClock "0:00:01"]
[BlackClock "0:00:12"]

1. e4 c5 2. Nf3 e6 3. b3 d5 4. exd5 exd5 5. d4 Nf6 6. Bb5+ Bd7 7. Bxd7+ Nbxd7 8. O-O Be7 9. Bb2 O-O 10. Nbd2 Rc8 11. Re1 Re8 12. h3 Qc7 13. Rc1 c4 14. Nb1 Ne4 15. c3 Ndf6 16. Rc2 cxb3 17. axb3 Qb6 18. Rce2 Bd6 19. Nh2 Bb8 20. Nf1 Qc7 21. Re3 Re6 22. f3 Ng5 23. Bc1 Nh5 24. Re5 Rxe5 25. dxe5 Ne6 26. Qxd5 Nhf4 27. Qe4 Ng6 28. f4 Nc5 29. Qc4 Qb6 30. Kh1 Qxb3 31. Qxb3 Nxb3 32. Be3 Ne7 33. Nfd2 Nc5 34. Bd4 Nd5 35. Rf1 Ne6 36. f5 Nxd4 37. cxd4 Ne3 38. Re1 Nc2 39. Rd1 Nxd4 40. e6 fxe6 41. fxe6 Nxe6 42. Ne4 Nf4 43. Nbc3 Re8 44. Rd7 b5 45. Rb7 a6 46. Kg1 Be5 47. Kf2 Nd3+ 48. Ke3 Nb4 49. Kf3 Nc6 50. Rb6 Nd4+ 51. Ke3 Nf5+ 52. Kf3 Bd4 0-1


[Site "https://www.chess.com"]

[Event "Titled Tuesday Blitz April 4 Late 2023"]
[White "Annaberdiyev, Meylis"]
[Black "Makaraci, Tunahan"]
[WhiteFideId "14000563"]
[BlackFideId "6356559"]
[WhiteElo "2416"]
[BlackElo "2160"]
[Result "0-1"]
[Round "11"]
[TimeControl "180+2"]
[Date "2023.04.04"]
[WhiteClock "0:00:10"]
[BlackClock "0:00:18"]

1. e4 Nf6 2. e5 Nd5 3. d4 d6 4. c4 Nb6 5. exd6 cxd6 6. Be3 g6 7. Nc3 Bg7 8. Rc1 O-O 9. Nf3 Bg4 10. b3 d5 11. c5 Nc8 12. h3 Bxf3 13. Qxf3 e6 14. Bb5 Nc6 15. Bxc6 bxc6 16. O-O Ne7 17. b4 a6 18. Rfd1 Nf5 19. Qe2 Qh4 20. Qg4 Qxg4 21. hxg4 Nxe3 22. fxe3 f5 23. gxf5 Rxf5 24. Rf1 Bh6 25. Rce1 Raf8 26. Rxf5 gxf5 27. g3 Kf7 28. Kf2 Bg7 29. Ne2 Rb8 30. Rb1 Bh6 31. Nf4 Bxf4 32. exf4 a5 33. a3 axb4 34. Rxb4 Ra8 35. a4 Kf6 36. Ke2 h5 37. Kd2 Rg8 38. Rb3 h4 39. gxh4 Rg4 40. a5 Rxf4 41. Kc3 Rxh4 42. a6 Rh8 43. Rb6 f4 44. Kd3 Rh3+ 45. Ke2 Ra3 46. Rxc6 Kf5 47. Rb6 Ra2+ 48. Ke1 f3 49. c6 Ke4 50. c7 Ra1+ 51. Kf2 Ra2+ 52. Kf1 Ra1+ 53. Kf2 Ra2+ 54. Kg3 Rg2+ 55. Kh3 Rg8 56. Rxe6+ Kxd4 57. Rc6 f2 58. Rf6 Ke3 59. a7 d4 60. Re6+ Kd2 61. Rf6 Ke2 62. Re6+ Kf1 63. Rc6 Kg1 0-1


[Site "https://www.chess.com"]

[Event "Titled Tuesday Blitz April 4 Late 2023"]
[White "Erzhanov, Arman"]
[Black "Cuenca Jimenez, Jose Fernando"]
[WhiteFideId "4138821"]
[BlackFideId "2255570"]
[WhiteElo "2138"]
[BlackElo "2429"]
[Result "0-1"]
[Round "11"]
[TimeControl "180+2"]
[Date "2023.04.04"]
[WhiteClock "0:00:10"]
[BlackClock "0:00:05"]

1. e4 d6 2. g3 Nf6 3. Bg2 e5 4. Ne2 Be7 5. O-O O-O 6. f4 c6 7. d4 Nbd7 8. h3 exd4 9. Nxd4 d5 10. e5 Ne8 11. Kh2 Nc5 12. Be3 f6 13. exf6 Nxf6 14. Nd2 Bd6 15. Bg1 Bd7 16. c3 Re8 17. Re1 Qc7 18. Qf3 Na4 19. Rxe8+ Rxe8 20. Rb1 c5 21. Nc2 Bf5 22. Qd1 h5 23. Ne3 Bxb1 24. Nxd5 Qf7 25. Nxf6+ Qxf6 26. Qxa4 Bg6 27. Bd5+ Kh8 28. Ne4 Bxe4 29. Bxe4 Rf8 30. Qd1 g6 31. b4 Bxf4 32. Qe1 Be5 33. Bxc5 Rd8 34. Qe3 Kg7 35. Bg2 Rf8 36. Bxa7 Bxc3 37. Bc5 Rf7 38. Bd5 Rc7 39. Bg2 Be5 40. Qd3 h4 41. Kg1 Bxg3 42. Bd4 Rc1+ 43. Bf1 Be5 44. Bxe5 Qxe5 45. Qd7+ Kh6 46. Qd2+ Qg5+ 47. Qxg5+ Kxg5 48. a4 Ra1 49. a5 Ra4 50. Kf2 Rxb4 51. Bg2 Ra4 52. Bxb7 Rxa5 53. Bf3 Kf4 54. Bg4 Ra2+ 55. Kg1 Kg3 56. Be6 Ra1# 0-1


[Site "https://www.chess.com"]

[Event "Titled Tuesday Blitz April 4 Late 2023"]
[White "Papp, Levente"]
[Black "Shapiro, Viktor"]
[WhiteFideId "751243"]
[BlackFideId "4175700"]
[WhiteElo "2380"]
[BlackElo "2152"]
[Result "0-1"]
[Round "11"]
[TimeControl "180+2"]
[Date "2023.04.04"]
[WhiteClock "0:00:02"]
[BlackClock "0:00:34"]

1. b3 Nf6 2. Bb2 d5 3. Nf3 Bf5 4. g3 e6 5. Bg2 Be7 6. O-O O-O 7. d3 h6 8. c4 c6 9. Qc2 Nbd7 10. Nbd2 Bh7 11. Rad1 a5 12. a3 Rc8 13. e4 b5 14. Qb1 Nc5 15. Rfe1 Qb6 16. b4 axb4 17. axb4 Nxd3 18. c5 Nxc5 19. Bd4 dxe4 20. Nxe4 Nfxe4 21. Rxe4 Bxe4 22. Qxe4 Nxe4 23. Bxb6 Bxb4 24. Ne5 Nc3 25. Rd7 Nd5 26. Rb7 Bc3 27. Nd7 Rfe8 28. Bc5 Bb4 29. Bf1 Bxc5 30. Nxc5 Rb8 31. Rd7 b4 32. Bc4 Nb6 33. Rd4 Nxc4 34. Rxc4 b3 35. Rc1 b2 36. Rb1 Rb5 37. Na4 Reb8 38. Kf1 Rb4 39. Nc3 Rc4 40. Ne2 c5 41. Ke1 g5 42. Kd2 Rd8+ 43. Ke1 Rc2 44. Ng1 Rc1+ 0-1


[Site "https://www.chess.com"]

[Event "Titled Tuesday Blitz April 4 Late 2023"]
[White "Poliakova, Varvara"]
[Black "Romkachess"]
[WhiteFideId "13518313"]
[WhiteElo "2075"]
[BlackElo "2483"]
[Result "1-0"]
[Round "11"]
[TimeControl "180+2"]
[Date "2023.04.04"]
[WhiteClock "0:00:57"]
[BlackClock "0:00:04"]

1. e4 c5 2. Nc3 Nc6 3. d3 g6 4. g3 Bg7 5. Bg2 d6 6. f4 e6 7. Nf3 Nge7 8. O-O O-O 9. h3 Rb8 10. a4 b6 11. g4 Bb7 12. f5 exf5 13. gxf5 gxf5 14. Ng5 h6 15. exf5 hxg5 16. f6 Ng6 17. fxg7 Kxg7 18. Qh5 Rh8 19. Qxg5 Ne5 20. Qxd8 Rhxd8 21. Bg5 Bxg2 22. Kxg2 Rf8 23. Bf6+ Kh7 24. Ne4 d5 25. Ng5+ Kh6 26. Rae1 Nc6 27. Nf3 Rbe8 28. Nh2 Rxe1 29. Rxe1 Nb4 30. Ng4+ Kh7 31. Rf1 Nxc2 32. Kg3 Nb4 33. Rf5 Re8 34. Bc3 Kg8 35. Nf6+ Kf8 36. Nxe8 Kxe8 37. h4 Nxd3 38. h5 Nf8 39. Rxd5 Nc1 40. Kf2 f6 41. h6 Kf7 42. Rf5 Nd3+ 43. Ke3 c4 44. Rxf6+ Ke7 45. Rxf8 Kxf8 46. h7 1-0


[Site "https://www.chess.com"]

[Event "Titled Tuesday Blitz April 4 Late 2023"]
[White "Mendez Fortes, Eduardo Jesus"]
[Black "Harriott, Tyrell"]
[WhiteFideId "3502376"]
[BlackFideId "2086484"]
[WhiteElo "2307"]
[BlackElo "2107"]
[Result "1-0"]
[Round "11"]
[TimeControl "180+2"]
[Date "2023.04.04"]
[WhiteClock "0:00:29"]
[BlackClock "0:00:08"]

1. e4 e6 2. d4 d5 3. Nd2 f5 4. exf5 exf5 5. Ne2 Nf6 6. Nf3 Be7 7. Nf4 O-O 8. c4 c6 9. Qb3 Kh8 10. Ne5 Qa5+ 11. Bd2 Qd8 12. Be2 Ne4 13. Bb4 c5 14. dxc5 Nxc5 15. Qh3 Kg8 16. Nxd5 f4 17. Bg4 Nc6 18. Bxc5 Bxc5 19. Be6+ Bxe6 20. Qxe6+ Kh8 21. Nf7+ Rxf7 22. Qxf7 Qa5+ 23. Kf1 Rf8 24. Qe6 Nd4 25. Qe1 Qa6 26. Rc1 Qxa2 27. Qd2 Nb3 28. Qd1 Nxc1 29. Qxc1 b5 30. Nxf4 Qxc4+ 31. Qxc4 bxc4 32. g3 g5 33. Nh3 h6 34. Kg2 Rc8 35. Rc1 Bb6 36. Ng1 g4 37. Rc2 Rc5 38. Ne2 h5 39. Nc3 Re5 40. Na4 Re4 41. Nc3 Rd4 42. Ne2 Re4 43. Nf4 Re5 44. Ng6+ Kg7 45. Nxe5 Kf6 46. Nxc4 Bc5 47. Ne3 Bb6 48. Nd5+ Ke5 49. Nxb6 axb6 50. Rc6 b5 51. Rb6 Kd4 52. Rxb5 Kd3 53. Rxh5 Ke2 54. Rh4 Kd3 55. Rxg4 Kc2 56. f3 Kb3 57. Rd4 Kc2 58. Re4 Kb3 59. h4 Kc2 60. h5 Kb3 61. h6 Kc2 62. h7 Kb3 63. h8=Q Kc2 64. Qc3+ Kb1 65. b4 Ka2 66. Re2+ 1-0


[Site "https://www.chess.com"]

[Event "Titled Tuesday Blitz April 4 Late 2023"]
[White "Baskakov, Egor"]
[Black "Moore, Nicholas"]
[WhiteFideId "24197866"]
[BlackFideId "4303709"]
[WhiteElo "2212"]
[BlackElo "2470"]
[Result "0-1"]
[Round "11"]
[TimeControl "180+2"]
[Date "2023.04.04"]
[WhiteClock "0:00:07"]
[BlackClock "0:00:18"]

1. e4 c5 2. Nf3 e6 3. Be2 Nc6 4. c4 Nge7 5. Nc3 Nd4 6. O-O Nec6 7. Nxd4 Nxd4 8. d3 g6 9. f4 d6 10. Bg4 Bg7 11. Ne2 f5 12. Bh3 O-O 13. Nxd4 Bxd4+ 14. Kh1 b6 15. g4 Bb7 16. gxf5 exf5 17. Bg2 Qd7 18. Bd2 Bxb2 19. Rb1 Bd4 20. Qe2 Rae8 21. Rbe1 Qa4 22. Be3 Bxe3 23. Qxe3 fxe4 24. dxe4 Qxc4 25. f5 Qd4 26. Qg5 Qf6 27. Qg3 Qe5 28. Qh4 Kg7 29. Re3 Qf6 30. Qg4 Qd4 31. Rh3 Bxe4 32. f6+ Kh8 33. Qd7 Bxg2+ 34. Kxg2 Qd5+ 35. Rhf3 Re2+ 36. Kg1 Qf7 37. Qxd6 Re6 38. Qf4 Rfe8 39. h4 Re4 40. Qg3 h5 41. R1f2 Rg4 42. Qxg4 hxg4 43. Rf4 Re1+ 44. Kg2 Qd5+ 45. Kg3 Rg1+ 46. Kh2 Qh1# 0-1


[Site "https://www.chess.com"]

[Event "Titled Tuesday Blitz April 4 Late 2023"]
[White "Roebers, Eline"]
[Black "Pakleza, Zbigniew"]
[WhiteFideId "1058401"]
[BlackFideId "1119290"]
[WhiteElo "2517"]
[BlackElo "2410"]
[Result "1-0"]
[Round "11"]
[TimeControl "180+2"]
[Date "2023.04.04"]
[WhiteClock "0:02:27"]
[BlackClock "0:01:54"]

1. e4 a6 2. d4 b6 3. f4 e6 4. Bd3 d6 5. Nf3 c6 6. O-O f6 7. c3 Ne7 8. e5 dxe5 9. fxe5 f5 10. Bg5 c5 11. Nbd2 Nbc6 12. Nc4 Kf7 13. Nd6+ Kg8 14. Nxf5 h6 15. Nxe7+ Bxe7 16. Bxe7 Qxe7 17. Be4 Bb7 18. d5 Nd8 19. d6 Qd7 20. Qe2 g5 1-0


[Site "https://www.chess.com"]

[Event "Titled Tuesday Blitz April 4 Late 2023"]
[White "Jimenez Jimenez, Leandro"]
[Black "Martins, Bruno Andre Leite"]
[WhiteFideId "6415253"]
[BlackFideId "1942255"]
[WhiteElo "2263"]
[BlackElo "2240"]
[Result "0-1"]
[Round "11"]
[TimeControl "180+2"]
[Date "2023.04.04"]
[WhiteClock "0:00:15"]
[BlackClock "0:00:15"]

1. d4 Nf6 2. c4 e6 3. Nf3 d5 4. g3 dxc4 5. Bg2 Bd7 6. O-O Bc6 7. Qc2 b5 8. a4 a6 9. axb5 axb5 10. Rxa8 Bxa8 11. Nc3 b4 12. Qa4+ Bc6 13. Nb5 Nbd7 14. Bf4 Nd5 15. Ne5 Nxe5 16. Bxe5 Qb8 17. Nd6+ Kd7 18. Nb5 Qxb5 19. Qa7 Qb7 20. Qa5 Nb6 21. f3 Bd6 22. Bxg7 Ra8 23. Qh5 c3 24. Qxf7+ Be7 25. Bf6 Re8 26. Bh3 Bd5 27. e4 Bc4 28. d5 Bxf1 29. Bxe6+ Kd6 30. e5+ Kc5 31. Bxe7+ Rxe7 32. Qxe7+ Kb5 33. bxc3 bxc3 34. d6 c2 35. Bd7+ Nxd7 36. Qxd7+ Qc6 37. Qxc6+ Kxc6 38. dxc7 Kxc7 39. e6 c1=Q 40. e7 Bb5+ 41. Kg2 Be8 42. Kh3 Qc2 43. Kg4 Qg6+ 44. Kf4 Qf7+ 45. Kg4 Qxe7 46. f4 Kd6 47. f5 Qe2+ 48. Kf4 Qe5+ 49. Kg5 Bd7 50. g4 Qxh2 51. Kf6 Qf4 52. g5 Qxf5+ 53. Kg7 Qxg5+ 54. Kh8 Qf6+ 55. Kxh7 Bf5+ 56. Kg8 Qe7 57. Kh8 Qh7# 0-1


[Site "https://www.chess.com"]

[Event "Titled Tuesday Blitz April 4 Late 2023"]
[White "Meunier-Pion, Jean"]
[Black "Popov, Mikhail"]
[WhiteFideId "20685327"]
[BlackFideId "4146182"]
[WhiteElo "2124"]
[BlackElo "2244"]
[Result "1/2-1/2"]
[Round "11"]
[TimeControl "180+2"]
[Date "2023.04.04"]
[WhiteClock "0:00:01"]
[BlackClock "0:00:05"]

1. d4 Nf6 2. c4 g6 3. g3 Bg7 4. Bg2 O-O 5. Nc3 d6 6. Nf3 c5 7. h3 Nc6 8. d5 Na5 9. Nd2 e6 10. O-O exd5 11. cxd5 a6 12. a4 Rb8 13. e4 b5 14. axb5 axb5 15. e5 dxe5 16. Nde4 Nxe4 17. Nxe4 c4 18. Bg5 f6 19. Be3 Nb3 20. Ra7 Rf7 21. Rxf7 Kxf7 22. f4 f5 23. fxe5 Bxe5 24. Ng5+ Kg7 25. h4 Qf6 26. h5 Bd4 27. h6+ Kxh6 28. Qe1 Qxg5 29. Bxd4 Nxd4 30. Qe5 Qxg3 31. Qxd4 Bd7 32. Rf3 Qe1+ 33. Kh2 Re8 34. Rh3+ Kg5 35. Rg3+ Kh6 36. Rh3+ Kg5 37. Rg3+ Kh6 38. Rh3+ 1/2-1/2


[Site "https://www.chess.com"]